 Dungeon Crawl Stone Soup version 0.32-a0-711-g016ad743e0 (webtiles) character file.

Game seed: 18335744195956002261

37 Fodor the Trooper (level 3, 0/49 HPs)
             Began as a Minotaur Fighter on Mar 15, 2024.
             Slain by an orc priest
             ... wielding a +2 dagger of pain
              (1 damage)
             ... on level 2 of the Dungeon.
             The game lasted 00:02:52 (969 turns).

Fodor the Trooper (Minotaur Fighter)                 Turns: 969, Time: 00:02:54

Health: 0/49       AC: 21    Str: 22    XL:     3   Next: 23%
Magic:  2/2        EV:  2    Int:  5    God:
Gold:   45         SH:  4    Dex:  9    Spells: 2/2 levels left

rFire   . . .        a - +0 war axe
rCold   . . .        c - +0 buckler
rNeg    . . .        b - melded +0 scale mail
rPois   +            (helmet currently unavailable)
rElec   .            (cloak currently unavailable)
rCorr   .            (gloves currently unavailable)
SInv    .            (boots currently unavailable)
Will    .....        j - amulet of regeneration
Stlth   +            (no ring)
HPRegen 1.08/turn    (no ring)
MPRegen 0.08/turn

%: no passive effects
@: tree-form
A: stationary, stasis, torment immunity, boosted hp, (horns 2), (retaliatory
headbutt)
a: Convert to Beogh


You were on level 2 of the Dungeon.
You were a tree.
You visited 1 branch of the dungeon, and saw 2 of its levels.

You collected 45 gold pieces.

Inventory:

Hand Weapons
 a - a +0 war axe (weapon)
Armour
 b - a +0 scale mail (melded)
 c - a +0 buckler (worn)
Jewellery
 j - an amulet of regeneration (around neck)
Talismans
 h - a flux talisman
Scrolls
 g - a scroll of vulnerability {unknown}
Potions
 d - a potion of might
 e - a potion of lignification
 f - 3 potions of heal wounds {unknown}
 i - a potion of haste {unknown}


   Skills:
 + Level 4.2 Fighting
 + Level 2.7 Axes
 + Level 4.1 Armour
 + Level 0.1 Dodging
 + Level 0.1 Stealth
 + Level 4.1 Shields


You had 2 spell levels left.
You didn't know any spells.
Your spell library contained the following spells:

 Spells                   Type           Power      Damage    Failure   Level
 Call Imp                 Summ           0%         N/A       67%         2
 Sublimation of Blood     Necr           0%         N/A       67%         2
 Tukima's Dance           Hex            0%         N/A       88%         3
 Dimensional Bullseye     Hex/Tloc       0%         N/A       99%         4
 Iskenderun's Mystic Bla  Conj/Tloc      0%         2d3       99%         4
 Summon Hydra             Summ           0%         N/A       100%        7


Dungeon Overview and Level Annotations

Branches:
Dungeon (2/15)

Altars:

Annotations:
D:1 1 transporter


Innate Abilities, Weirdness & Mutations

You are a tree.
Your roots penetrate the ground, keeping you stationary.
You cannot be teleported.
You are immune to unholy pain and torment.
Your maximum health is greatly increased.
Your equipment is partially melded.
((You have a pair of horns on your head.))
((You reflexively headbutt those who attack you in melee.))


Message History

Things that are here:
a +0 dagger; a goblin corpse An orc priest comes into view.
It is wielding a +2 dagger of pain.
The orc priest shouts!
You hear a shout! 2 orcs and an orc priest come into view.
The orc shouts! x2; The orc priest shouts!
The orc priest mumbles some strange prayers to Beogh against you.
Pain shoots through your body!
The orc priest shouts, "Surrender to Beogh and we'll let you live!" (press Y on the ability menu to convert to Beogh)
You closely miss the orc priest. You headbutt the orc priest.
The orc priest is moderately wounded.
You block the orc priest's attack.
You slash the orc priest!
The orc priest is almost dead.
The orc priest hits you with a +2 dagger of pain.
You writhe in agony.
You closely miss the orc priest.
The orc priest shouts, "The Pantheon deserves no one's loyalty.
Let us show you the true path!"
The orc priest threatens, "Beogh's wrath is as vast as their mercy.
Make your choice!"
Your headbutt misses the orc priest.
The orc priest is almost dead.
The orc priest shouts, "Beogh offers mercy even to people such as you.
Join us and be reborn!"
The orc priest calls upon Beogh to heal the orc priest.
The orc priest is healed somewhat.
The orc priest shouts, "The Pantheon deserves no one's loyalty.
Let us show you the true path!"
The orc priest hits you but does no damage.
The orc priest mumbles some strange prayers to Beogh against you.
Beogh smites you!
The orc priest mumbles some strange prayers to Beogh against you.
Beogh smites you!
* * * LOW HITPOINT WARNING * * *
The orc priest threatens, "Beogh's wrath is as vast as their mercy.
Make your choice!"
It was a potion of lignification.
You turn into a tree.
Your +0 scale mail melds into your body.
Your roots penetrate the ground.
The orc priest hits you with a +2 dagger of pain.
* * * LOW HITPOINT WARNING * * *
You writhe in agony.
You die...

### ... #o# #o#
#o# #.# #o# #.#
#♣# #.# #.# #.#
#.# #.# #.# #.
#.# #.# #.# #.#
#.#
#.######.###.###
#.#............#
#.#....#.###..##


You could see 2 orc priests and 2 orcs.

Vanquished Creatures
  6 endoplasms (D:1)
  3 giant cockroaches (D:1)
  5 goblins
  4 hobgoblins (D:1)
  2 quokkas
  2 ball pythons (D:1)
  A bat (D:1)
  4 frilled lizards (D:1)
  3 kobolds (D:1)
  4 rats (D:1)
34 creatures vanquished.

Notes
Turn   | Place    | Note
-------+----------+-------------------------------------------
     0 | D:1      | Fodor the Minotaur Fighter began the quest for the Orb.
     0 | D:1      | Reached XP level 1. HP: 19/19 MP: 0/0
   171 | D:1      | Reached XP level 2. HP: 23/27 MP: 1/1
   648 | D:1      | Reached XP level 3. HP: 26/33 MP: 2/2
   968 | D:2      | HP: 1/33 [orc priest/divine providence (9)]
   969 | D:2      | Slain by an orc priest

Illustrated notes

Levels and vault maps discovered:
D:1:      spicycebolla_arrival_risky_transporter, layout_basic
D:2:      layout_basic, serial_shops, nicolae_shop_stone, nicolae_eternal_life

Skill      XL: |  1  2 |
---------------+-------+-----
Armour         | 4 |  4.1
Fighting       | 4 |  4.2
Shields        | 4 |  4.1
Axes           | |  2.7
Dodging        | |  0.1
Stealth        | |  0.1

Action                     || total
---------------------------++-------
  Melee: War axe           ||    74
         Headbutt          ||     8
    Use: Potion            ||     1
 Armour: Scale mail        ||    70
         Skin              ||     1
  Dodge: Dodged            ||    34
  Block: Buckler           ||    19

Table legend: (Time is in decaauts)
 A = Elapsed time spent in this place.
 B = Non-inter-level travel time spent in this place.
 C = Inter-level travel time spent in this place.
 D = Time resting spent in this place.
 E = Time spent auto-exploring this place.
 F = Levels seen in this place.
 G = Mean time per level.
                   A        B        C        D        E       F      G
               +--------+--------+--------+--------+--------+-----+--------+
         Total |    998 |    991 |      7 |      0 |    681 |   2 |  499.0 |
       Dungeon |    998 |    991 |      7 |      0 |    681 |   2 |  499.0 |
               +--------+--------+--------+--------+--------+-----+--------+

Top non-repeatable levels by time:
     D:1: 900 daAuts
     D:2: 98 daAuts
